 Dungeon Crawl Stone Soup version 0.31-a0-355-g57cb03d3e8 (webtiles) character file.

Game seed: 14608498419387656143

272073 juan097 the Eclecticist (level 21, -4/160 HPs)
             Began as a Djinni Conjurer on July 24, 2023.
             Was an Initiate of Gozag.
             Shot with a bolt by a yaktaur (21 damage)
             ... led by a yaktaur captain
             ... on level 1 of the Vaults.
             The game lasted 01:57:06 (32571 turns).

juan097 the Eclecticist (Djinni Conjurer)          Turns: 32571, Time: 01:57:06

Health: -4/160     AC: 19    Str:  6    XL:     21   Next: 10%
Gold:   9640       EV:  9    Int: 59    God:    Gozag SH: 13 Dex: 10

rFire   + + .        b - +6 Majin-Bo {spellvamp, MP+6 Int+6}
rCold   + . .        D - +2 buckler
rNeg    . . .        w - +1 scale mail of Vaxuxt {Int+7 Dex-2 SInv Stlth+}
rPois   ∞            T - +2 helmet {Int+3}
rElec   +            U - +2 cloak {Stlth+}
rCorr   +            Q - +1 pair of gloves
SInv    +            (boots unavailable)
Will    ++...        Y - amulet of reflection
Stlth   +++          g - ring "Emilyith" {Ice Int+6}
HPRegen 0.46/turn    M - +6 ring of intelligence
MPRegen 0.00/turn

%: reflection, infuse magic (-5 HP)
@: mighty, resistant, flying, hasted, very quick
A: sickness immunity, fire resistance 2, cold vulnerability 1, float, innate
caster, HP casting, extra vitality 1
}: 2/15 runes: decaying, gossamer
a: Renounce Religion, Potion Petition, Call Merchant, Bribe Branch


You were on level 1 of the Vaults.
You worshipped Gozag.
Gozag was greatly pleased with you.
You visited 7 branches of the dungeon, and saw 32 of its levels.
You also visited: Sewer, Ossuary, Gauntlet, Ice Cave and Wizlab.

You collected 12642 gold pieces.
You spent 466 gold pieces at shops.
You paid 2536 gold pieces to Gozag.

Inventory:

Hand Weapons
 a - the +3 Elemental Staff {rElec rF+ rC+ AC+3}
   (You took it off a deep elf pyromancer on level 9 of the Dungeon)

   It enhances your fire, ice, earth and air magic.
   AC:        It affects your AC (+3).
   rF:        It protects you from fire.
   rC:        It protects you from cold.
   rElec:     It insulates you from electricity.
 b - the +6 Majin-Bo (weapon) {spellvamp, MP+6 Int+6}
   (You took it off a Hellbinder in a wizard's laboratory)

   Int:       It affects your intelligence (+6).
   MP:        It affects your magic capacity (+6).
Missiles
 f - 16 curare-tipped darts
 o - 4 silver javelins
 y - 2 throwing nets
 R - 5 datura-tipped darts
 V - 5 javelins
 X - 6 boomerangs of dispersal
Armour
 w - the +1 scale mail of Vaxuxt (worn) {Int+7 Dex-2 SInv Stlth+}
   (You found it on level 2 of the Spider Nest)

   Int:       It affects your intelligence (+7).
   Dex:       It affects your dexterity (-2).
   SInv:      It lets you see invisible.
   Stlth:     It makes you more stealthy.
 D - a +2 buckler (worn)
 Q - a +1 pair of gloves (worn)
 T - a +2 helmet of intelligence (worn)
 U - a +2 cloak of stealth (worn)
Jewellery
 g - the ring "Emilyith" (left hand) {Ice Int+6}
   (You found it in an ice cave)

   [ring of ice]

   It enhances your ice magic.
   Int:       It affects your intelligence (+6).
   rF:        It makes you vulnerable to fire.
   rC:        It protects you from cold.
 i - the ring of Junies {rF+ rN+}
   (You acquired it on level 2 of the Swamp)

   [ring of protection from fire]

   rF:        It protects you from fire.
   rN:        It protects you from negative energy.
 q - a ring of resist corrosion
 x - a ring of fire
 C - the ring "Ogecay" {Int+3 SInv}
   (You found it in a wizard's laboratory)

   [ring of see invisible]

   Int:       It affects your intelligence (+3).
   SInv:      It lets you see invisible.
 E - a ring of protection from cold
 M - a +6 ring of intelligence (right hand)
 W - a ring of willpower
 Y - an amulet of reflection (around neck)
Wands
 p - a wand of digging (10)
 K - a wand of roots (24)
 Z - a wand of quicksilver (14)
Scrolls
 h - 13 scrolls of teleportation
 k - 3 scrolls of vulnerability
 l - 4 scrolls of immolation
 n - 3 scrolls of fear
 r - 4 scrolls of summoning
 s - 8 scrolls of enchant weapon
 t - 5 scrolls of blinking
 u - a scroll of revelation
 H - 8 scrolls of poison
 J - 2 scrolls of fog
 N - 3 scrolls of brand weapon
 P - 6 scrolls of silence
Potions
 d - 2 potions of cancellation
 e - 5 potions of haste
 j - 8 potions of invisibility
 m - 11 potions of curing
 A - 6 potions of enlightenment
 B - 4 potions of brilliance
 G - 7 potions of ambrosia
 I - 7 potions of heal wounds
 S - 4 potions of resistance
Miscellaneous
 c - a phial of floods
 v - a phantom mirror
 z - a condenser vane
 O - a sack of spiders


   Skills:
 + Level 17.1 Fighting
 - Level 4.0 Short Blades
 - Level 10.0 Armour
 - Level 16.0 Dodging
 - Level 4.0 Stealth
 - Level 10.0 Shields
 + Level 17.5 Spellcasting
 + Level 17.5 Conjurations
 + Level 17.5 Hexes
   Level 0.0 Charms
 + Level 17.5 Summonings
 + Level 17.5 Necromancy
 + Level 17.5 Translocations
 + Level 17.5 Transmutations
 + Level 17.5 Fire Magic
 + Level 17.5 Ice Magic
 + Level 17.5 Air Magic
 + Level 17.5 Earth Magic
 + Level 17.5 Poison Magic
 - Level 10.0 Evocations


You knew the following spells:

 Your Spells              Type           Power      Damage    Failure   Level
a - Magic Dart            Conj           100%       1d8       0%          1
b - Searing Ray           Conj           100%       2d8       0%          2
c - Dazzling Flash        Conj/Hex       100%       N/A       0%          3
d - Fulminant Prism       Conj/Hex       65%        3d28      1%          4
e - Iskenderun's Mystic   Conj/Tloc      100%       2d19      1%          4
f - Kiss of Death         Conj/Necr      100%       2d13      0%          1
g - Poisonous Vapours     Pois/Air       100%       N/A       0%          2
h - Confusing Touch       Hex            100%       N/A       0%          3
i - Dispel Undead         Necr           100%       3d31      1%          4
j - Fireball              Conj/Fire      65%        3d25      1%          5
k - Alistair's Intoxicat  Tmut/Pois      87%        N/A       1%          5
l - Plasma Beam           Fire/Air       65%        2x1d82    1%          6
m - Ozocubu's Refrigerat  Ice            78%        4d24      1%          7
n - Eringya's Noxious Bo  Tmut/Pois      65%        4d6       1%          6
o - Summon Hydra          Summ           65%        N/A       1%          7
Your spell library was empty.

Dungeon Overview and Level Annotations

Branches:
Dungeon (15/15)            Temple (1/1) D:7            Lair (5/5) D:9
  Swamp (4/4) Lair:3       Spider (4/4) Lair:2        Slime (0/5) Lair:5
    Orc (2/2) D:12            Elf (0/3) Orc:2        Vaults (1/5) D:14
 Depths (0/4) D:15          Sewer (visited)         Ossuary (visited)
  IceCv (visited)          WizLab (visited)         Gauntlet (visited)

Altars:
Ashenzari
Cheibriados
Dithmenos
Elyvilon
Fedhas
Gozag
Hepliaklqana
Makhleb
Nemelex Xobeh
Okawaru
Qazlal
Ru
Trog
Uskayaw
Wu Jian
Xom
Yredelemnul
Zin
The Shining One

Shops:
D:15 ?   Orc:1 ([!*   Orc:2 ?(((   Vaults:1 [

Annotations:
D:6 2 runed translucent doors


Innate Abilities, Weirdness & Mutations

You are immune to sickness and miasma.
You are immune to poison.
Your flesh is very heat resistant. (rF++)
You are vulnerable to cold. (rC-)
You float through the air rather than walking.
You learn spells naturally, not from books.
Your magical power is your life essence.
You have superior vitality. (+4 MHP)


Message History

Casting: Plasma Beam (mildly dangerous; 1% risk of failure)
Confirm with . or Enter, or press ? or * to list all spells.
Casting: Plasma Beam (mildly dangerous; 1% risk of failure)
Press: ? - help, Dir - look around, f - activate The bolt of lightning misses the quicksilver dragon.
The fiery plasma misses the quicksilver dragon.
You hear a shout!
A yaktaur comes into view.
Casting: Plasma Beam (mildly dangerous; 1% risk of failure)
Confirm with . or Enter, or press ? or * to list all spells.
Casting: Plasma Beam (mildly dangerous; 1% risk of failure)
Press: ? - help, Dir - look around, f - activate The bolt of lightning hits the yaktaur!!
You feel better.
The yaktaur is heavily wounded.
The fiery plasma hits the yaktaur!
You feel better.
The yaktaur is severely wounded.
The quicksilver dragon breathes dispelling energy at you.
The bolt of dispelling energy hits you!!
The yaktaur wields a +0 arbalest.
The yaktaur shoots a bolt.
The bolt hits you!!
* * * LOW HITPOINT WARNING * * *
The quicksilver dragon bites you.
* * * LOW HITPOINT WARNING * * *
The quicksilver dragon claws you!
* * * LOW HITPOINT WARNING * * *
You hear a shout! [a] - 624 gold - resistance, might and haste [b] - 550 gold - invisibility, might and resistance [c] - 390 gold - resistance and enlightenment Purchase which effect?
You feel protected.
You feel very mighty all of a sudden.
You feel yourself speed up.
You block the quicksilver dragon's attack.
The quicksilver dragon claws you.
* * * LOW HITPOINT WARNING * * *
An ironbound convoker comes into view. It is wielding a +0 morningstar.
The yaktaur shoots a bolt.
The bolt hits you!!
You die...
Your body crumbles into a pile of gold.

*,,,,,,+,,...........#........#..
*,,,,,,*,$...$.......#........#..
*,,,,,,*.c...........#........#..
*,,,,,,*.$...........#........#..
*,,,,,,*........^....#........'..
********.............#........#..
,,,,,,,,.............##'#######..
,,,,,,,,.p.......................
,,******#....$..@D...............
,,*,,,,,#.......................)
,,*,,*,,#...............##'######
,,*,,,,,#######.........#,...,,,,
,,*,,***#.....'....######,,...,,,
##*,,,,.##...##....# *,*,,...,,,
..*,*,#.##...##....#***,*,,,,,,,,
..*,,,..#..⌠..#....#*,,,+,,,,,,,,
..####>.##...##....#*,,,*,,,,,,,,


You could see a quicksilver dragon (catching breath), an ironbound convoker and
a yaktaur.

Vanquished Creatures
  Bai Suzhen (Swamp:4)
  Nikola (Swamp:1)
  Arachne (Spider:4)
  A Hellbinder (WizLab)
  Jorgrun (Swamp:3)
  A titan (Vaults:1)
  Gastronok (Lair:2)
  A thorn hunter (Swamp:4)
  Kirke (Swamp:4)
  Roxanne (Spider:4)
  Donald (Orc:2)
  Aizul (Spider:3)
  2 fenstrider witches (Swamp:4)
  An azure jelly (IceCv)
  4 emperor scorpions
  Louise (Spider:4)
  2 vault wardens (Vaults:1)
  A very ugly thing (D:15)
  A cacodemon (WizLab)
  6 ghost moths
  5 ironbound preservers (Vaults:1)
  An orc warlord (Orc:1)
  2 quicksilver oozes (IceCv)
  An ironbound thunderhulk (Vaults:1)
  2 broodmothers (Spider:3)
  Nessos (Lair:4)
  3 eleionomae
  Azrael (Spider:1)
  A minotaur (Gauntlet)
  A demonspawn black sun (WizLab)
  4 dire elephants (Vaults:1)
  A bunyip (Swamp:4)
  A lorocyproca (WizLab)
  2 spark wasps (Spider:4)
  3 fire dragons (Swamp:4)
  2 blizzard demons (WizLab)
  A green death (WizLab)
  Josephine (D:11)
  3 yaktaur captains (Vaults:1)
  8 entropy weavers
  The ghost of Woxeffutu the Covert, a journeyman VSBr of Uskayaw (Lair:3)
  Harold (D:11)
  A great orb of eyes (Vaults:1)
  Fannar (D:11)
  20 hydras
  2 hell beasts (WizLab)
  An ironbound frostheart (Vaults:1)
  A rakshasa (D:15)
  7 ghost crabs
  5 vault guards
  A radroach (Spider:3)
  4 jorogumos (Spider:4)
  12 centaur warriors
  5 catoblepae
  4 boulder beetles
  9 alligators
  3 death knights
  4 two-headed ogres
  Erica (D:8)
  A tengu warrior (D:14)
  3 demonic crawlers
  10 death yaks
  3 orc high priests (Orc:2)
  A soul eater (WizLab)
  4 spriggans
  Nergalle (D:11)
  2 fire crabs (Swamp:4)
  Sonja (D:13)
  3 skysharks
  10 pharaoh ants
  A sixfirhy (WizLab)
  2 skeletal warriors
  A shadow demon (WizLab)
  3 sun moths
  5 goliath frogs
  10 deep trolls (Vaults:1)
  18 orb spiders
  9 steelbarb worms
  Pikel (D:7)
  6 spriggan druids
  4 wizards
  2 phantasmal warriors
  4 bog bodies
  A glowing orange brain (D:15)
  10 swamp dragons
  4 necromancers
  4 ironbound convokers (Vaults:1)
  3 lindwurms
  A harpy (Vaults:1)
  2 deep elf pyromancers
  19 wolf spiders
  5 orc knights
  8 will-o-the-wisps
  6 cyclopes
  A shining eye (shapeshifter) (D:15)
  5 orc sorcerers
  15 ugly things
  4 manticores
  7 moths of wrath
  6 elephants (Lair:2)
  4 rust devils (WizLab)
  4 apocalypse crabs (Swamp:2)
  2 ice statues (IceCv)
  11 cane toads
  Maurice (D:8)
  3 black mambas
  6 torpor snails
  5 gargoyles
  5 yaktaurs (Vaults:1)
  5 orange demons (WizLab)
  2 hellions (WizLab)
  2 unseen horrors
  7 komodo dragons
  4 rime drakes
  4 kobold demonologists
  An efreet (D:15)
  3 freezing wraiths
  An ice devil (WizLab)
  A tormentor (WizLab)
  2 tengu conjurers
  6 trolls
  4 bloated husks
  8 tyrant leeches
  5 hornets
  2 hellwings (WizLab)
  28 tarantellas
  Grinder (D:6)
  A polar bear (shapeshifter) (D:15)
  3 polar bears
  A raiju (Gauntlet)
  7 blink frogs
  3 ettin zombies (Vaults:1)
  36 slime creatures
  A dream sheep (Lair:3)
  A centaur simulacrum (Gauntlet)
  26 culicivoras
  37 jumping spiders
  2 ynoxinuls (WizLab)
  A spriggan (shapeshifter) (D:15)
  A water elemental (D:13)
  7 hogs (Swamp:4)
  42 yaks
  11 wraiths
  2 basilisks
  5 fire elementals
  17 humans (D:14)
  2 chaos spawn (WizLab)
  7 steam dragons
  21 vampire mosquitoes
  Menkaure (D:7)
  3 neqoxecs (WizLab)
  48 redbacks
  Edmund (D:6)
  A harpy simulacrum (Gauntlet)
  20 swamp worms
  5 wargs
  2 acid dragons
  4 hell hounds (Spider:1)
  35 water moccasins
  Duvessa (D:4)
  Pargi (Sewer)
  3 ice beasts
  11 swamp drakes
  An ettin simulacrum (Vaults:1)
  18 orc warriors
  A great orb of eyes simulacrum (IceCv)
  5 ogres
  7 black bears
  12 wolves
  10 centaurs
  4 slime creature simulacra (IceCv)
  2 lemures (D:7)
  2 phantoms
  Blork the orc (D:5)
  3 kobold brigands
  13 bullfrogs
  4 gnoll sergeants
  3 glowing shapeshifter simulacra (IceCv)
  12 scorpions
  4 wights
  Dowan (D:4)
  4 killer bees (D:9)
  An electric eel (Spider:1)
  A howler monkey (D:10)
  A lava snake (Swamp:4)
  17 jellies
  6 hounds
  A gnoll bouda (D:7)
  13 orc priests
  Crazy Yiuf (D:6)
  A sleepcap (D:5)
  4 iguanas
  17 orc wizards
  3 shapeshifter simulacra (IceCv)
  A boggart simulacrum (Gauntlet)
  6 mummies (Ossuary)
  20 gnolls
  20 adders
  A river rat (D:3)
  A white imp (D:5)
  An ufetubus (D:3)
  3 worms
  4 dart slugs
  42 orcs
  7 ball pythons
  7 endoplasms
  7 giant cockroaches
  7 goblins
  3 hobgoblins
  6 jackals
  5 quokkas
  6 bats
  4 frilled lizards
  2 goblin zombies (Ossuary)
  2 hobgoblin zombies (Ossuary)
  20 kobolds
  A kobold zombie (Ossuary)
  3 orc zombies (Ossuary)
  5 rats
1217 creatures vanquished.

Vanquished Creatures (others)
  A culicivora (Spider:1)
  10 foxfires
  38 fulminant prisms
49 creatures vanquished.

Grand Total: 1266 creatures vanquished

Notes
Turn   | Place    | Note
-------+----------+-------------------------------------------
     0 | D:1      | juan097 the Djinni Conjurer began the quest for the Orb.
     0 | D:1      | juan097 set off with the following spells memorised: Magic
                  | Dart, Searing Ray, Dazzling Flash, Fulminant Prism,
                  | Iskenderun's Mystic Blast.
     0 | D:1      | Reached XP level 1. HP: 15/15 MP: 0/0
    40 | D:1      | Found a faded altar of an unknown god.
   165 | D:1      | Reached XP level 2. HP: 20/22 MP: 0/0
   642 | D:2      | Reached XP level 3. HP: 26/26 MP: 0/0
   642 | D:2      | Learned a level 1 spell: Kiss of Death
   690 | D:2      | Reached skill level 1 in Fighting
   793 | D:2      | Found a blossoming altar of Fedhas.
  1148 | D:2      | Reached XP level 4. HP: 29/32 MP: 0/0
  1739 | D:3      | Found a glowing drain.
  1748 | Sewer    | Entered a sewer
  1860 | Sewer    | Reached XP level 5. HP: 38/38 MP: 0/0
  1860 | Sewer    | Learned a level 2 spell: Poisonous Vapours
  1886 | Sewer    | Noticed Pargi
  1893 | Sewer    | Killed Pargi
  1894 | Sewer    | Reached skill level 1 in Short Blades
  1894 | Sewer    | Reached XP level 6. HP: 27/43 MP: 0/0
  2658 | D:4      | Noticed Dowan
  2729 | D:4      | Noticed Duvessa
  2740 | D:4      | Killed Duvessa
  2741 | D:4      | Reached XP level 7. HP: 49/49 MP: 0/0
  2741 | D:4      | Learned a level 3 spell: Confusing Touch
  2750 | D:4      | Killed Dowan
  2782 | D:4      | Reached skill level 5 in Spellcasting
  2782 | D:4      | Reached skill level 5 in Conjurations
  2782 | D:4      | Reached skill level 5 in Hexes
  2782 | D:4      | Reached skill level 5 in Summonings
  2782 | D:4      | Reached skill level 5 in Necromancy
  2782 | D:4      | Reached skill level 5 in Translocations
  2782 | D:4      | Reached skill level 5 in Transmutations
  2782 | D:4      | Reached skill level 5 in Fire Magic
  2782 | D:4      | Reached skill level 5 in Ice Magic
  2782 | D:4      | Reached skill level 5 in Air Magic
  2782 | D:4      | Reached skill level 5 in Earth Magic
  2782 | D:4      | Reached skill level 5 in Poison Magic
  3220 | D:4      | Found a hazy altar of Hepliaklqana.
  3220 | D:4      | Found a blossoming altar of Fedhas.
  3225 | D:4      | Found a shimmering altar of Xom.
  3269 | D:5      | Entered Level 5 of the Dungeon
  3274 | D:5      | Reached XP level 8. HP: 56/57 MP: 0/0
  3618 | D:5      | Noticed Blork the orc
  3634 | D:5      | Killed Blork the orc
  4169 | D:6      | Found a large runed translucent door.
  4176 | D:6      | Reached skill level 5 in Fighting
  4216 | D:6      | Found a large runed translucent door.
  4223 | D:6      | Found a large runed translucent door.
  4223 | D:6      | Noticed a cyclops
  4225 | D:6      | Found a large runed translucent door.
  4241 | D:6      | Reached XP level 9. HP: 63/65 MP: 0/0
  4241 | D:6      | Learned a level 4 spell: Dispel Undead
  4279 | D:6      | Noticed a hornet
  4286 | D:6      | Killed a hornet
  4364 | D:6      | Noticed Edmund
  4390 | D:6      | Killed Edmund
  4395 | D:6      | Noticed Grinder
  4403 | D:6      | Killed Grinder
  4541 | D:6      | Reached skill level 1 in Armour
  4549 | D:6      | Found a sand-covered staircase.
  4632 | D:6      | Found a runed translucent door.
  4633 | D:6      | Noticed Crazy Yiuf
  4641 | D:6      | Killed Crazy Yiuf
  4741 | Ossuary  | Entered an ossuary
  4786 | Ossuary  | Reached XP level 10. HP: 72/72 MP: 0/0
  5328 | D:7      | Noticed Pikel
  5353 | D:7      | Killed Pikel
  5459 | D:7      | Found a staircase to the Ecumenical Temple.
  5466 | Temple   | Entered the Ecumenical Temple
  5470 | Temple   | Became a worshipper of Gozag Ym Sagoz the Greedy
  5518 | D:7      | Noticed Menkaure
  5530 | D:7      | Killed Menkaure
  5684 | D:7      | Found an iron altar of Okawaru.
  5992 | D:8      | Noticed Maurice
  6073 | D:8      | Noticed Erica
  6088 | D:8      | Killed Erica
  6458 | D:8      | Found a glowing silver altar of Zin.
  6474 | D:8      | Found a snail-covered altar of Cheibriados.
  7024 | D:8      | Noticed a red ugly thing
  7042 | D:8      | Killed a red ugly thing
  7043 | D:8      | Reached XP level 11. HP: 47/81 MP: 0/0
  7043 | D:8      | Learned a level 5 spell: Fireball
  7248 | D:9      | Noticed a two-headed ogre
  7444 | D:9      | Found a staircase to the Lair.
  7493 | D:8      | Killed Maurice
  7649 | D:9      | Killed a two-headed ogre
  7711 | D:9      | Reached skill level 10 in Spellcasting
  7711 | D:9      | Reached skill level 10 in Conjurations
  7711 | D:9      | Reached skill level 10 in Hexes
  7711 | D:9      | Reached skill level 10 in Summonings
  7711 | D:9      | Reached skill level 10 in Necromancy
  7711 | D:9      | Reached skill level 10 in Translocations
  7711 | D:9      | Reached skill level 10 in Transmutations
  7711 | D:9      | Reached skill level 10 in Fire Magic
  7711 | D:9      | Reached skill level 10 in Ice Magic
  7711 | D:9      | Reached skill level 10 in Air Magic
  7711 | D:9      | Reached skill level 10 in Earth Magic
  7711 | D:9      | Reached skill level 10 in Poison Magic
  7984 | D:9      | Noticed a deep elf pyromancer
  7993 | D:9      | Killed a deep elf pyromancer
  8114 | D:9      | Reached XP level 12. HP: 75/86 MP: 0/0
  8283 | D:10     | Entered Level 10 of the Dungeon
  8412 | D:10     | Noticed a two-headed ogre
  8418 | D:10     | Killed a two-headed ogre
  9362 | Lair:1   | Entered Level 1 of the Lair of Beasts
  9433 | Lair:1   | Found a gate leading to a gauntlet.
  9445 | Gauntlet | Entered a Gauntlet
  9445 | Gauntlet | Found a large runed translucent door.
  9445 | Gauntlet | Found a large runed translucent door.
  9445 | Gauntlet | Found a large runed translucent door.
  9445 | Gauntlet | Found a large runed translucent door.
  9445 | Gauntlet | Found a large runed translucent door.
  9445 | Gauntlet | Found a large runed translucent door.
  9445 | Gauntlet | Found a large runed translucent door.
  9445 | Gauntlet | Found a large runed translucent door.
  9445 | Gauntlet | Found a runed translucent door.
  9445 | Gauntlet | Found a runed translucent gate.
  9445 | Gauntlet | Found a transporter.
  9445 | Gauntlet | Found a transporter.
  9445 | Gauntlet | Found a runed translucent gate.
  9445 | Gauntlet | Found a transporter.
  9446 | Gauntlet | Found a transporter.
  9449 | Gauntlet | Found a transporter.
  9449 | Gauntlet | Found a transporter.
  9450 | Gauntlet | Found a runed translucent gate.
  9450 | Gauntlet | Found a runed translucent door.
  9459 | Gauntlet | Found a transporter.
  9463 | Gauntlet | Found a transporter.
  9464 | Gauntlet | Noticed a soul eater
  9465 | Gauntlet | Noticed a glowing orange brain
  9475 | Gauntlet | Found a transporter.
  9520 | Gauntlet | Found a large runed translucent door.
  9520 | Gauntlet | Found a large runed translucent door.
  9521 | Gauntlet | Found a large runed translucent door.
  9522 | Gauntlet | Found a large runed translucent door.
  9523 | Gauntlet | Found a large runed translucent door.
  9523 | Gauntlet | Found a large runed translucent door.
  9524 | Gauntlet | Found a large runed translucent door.
  9525 | Gauntlet | Found a large runed translucent door.
  9579 | Gauntlet | Found a transporter.
  9580 | Gauntlet | Found a transporter.
  9589 | Gauntlet | Found a transporter.
  9721 | Gauntlet | Reached skill level 5 in Dodging
  9847 | Gauntlet | Identified the amulet of Virtue {RegenMP rPois Int+3}
  9889 | Gauntlet | Noticed a minotaur
  9893 | Gauntlet | Killed a minotaur
 10710 | Lair:2   | You are sucked into a shaft and drop 2 floors!
 10754 | Lair:4   | Reached XP level 13. HP: 89/94 MP: 0/0
 10754 | Lair:4   | Learned a level 5 spell: Alistair's Intoxication
 10770 | Lair:4   | Noticed a seven-headed hydra
 10790 | Lair:4   | Killed a seven-headed hydra
 10893 | Lair:3   | Noticed a four-headed hydra
 10897 | Lair:3   | Killed a four-headed hydra
 10921 | Lair:3   | Noticed Woxeffutu's ghost (journeyman VSBr)
 10923 | Lair:3   | Noticed a six-headed hydra
 11152 | Lair:2   | Found a hole to the Spider Nest.
 11158 | Lair:2   | Reached skill level 5 in Evocations
 11377 | Lair:2   | Noticed Gastronok
 11385 | Lair:2   | Killed Gastronok
 11962 | Lair:3   | Found a transporter.
 12124 | Lair:3   | Found a transporter.
 12154 | Lair:3   | Reached skill level 10 in Fighting
 12359 | Lair:3   | Found a staircase to the Swamp.
 12638 | Lair:4   | Noticed Nessos
 12642 | Lair:4   | Killed Nessos
 13099 | Lair:4   | Reached XP level 14. HP: 91/103 MP: 0/0
 13362 | Lair:5   | Entered Level 5 of the Lair of Beasts
 13362 | Lair:5   | Found an opulent altar of Gozag.
 13716 | Lair:5   | Found a staircase to the Slime Pits.
 14663 | Lair:3   | Killed Woxeffutu's ghost
 14676 | Lair:3   | Reached XP level 15. HP: 48/112 MP: 0/0
 14676 | Lair:3   | Learned a level 6 spell: Plasma Beam
 14796 | Lair:3   | Identified the +1 scale mail "Faorghawi" {-Cast Rampage
                  | Dex+2}
 14908 | Lair:1   | Identified the +2 pair of boots of Gihontor {Harm}
 14986 | D:11     | Noticed Josephine
 14989 | D:11     | Killed Josephine
 15010 | D:11     | Noticed Fannar
 15012 | D:11     | Killed Fannar
 15059 | D:11     | Noticed Nergalle
 15062 | D:11     | Killed Nergalle
 15164 | D:11     | Noticed Harold
 15166 | D:11     | Killed Harold
 15646 | D:12     | Reached skill level 15 in Spellcasting
 15646 | D:12     | Reached skill level 15 in Conjurations
 15646 | D:12     | Reached skill level 15 in Hexes
 15646 | D:12     | Reached skill level 15 in Summonings
 15646 | D:12     | Reached skill level 15 in Necromancy
 15646 | D:12     | Reached skill level 15 in Translocations
 15646 | D:12     | Reached skill level 15 in Transmutations
 15646 | D:12     | Reached skill level 15 in Fire Magic
 15646 | D:12     | Reached skill level 15 in Ice Magic
 15646 | D:12     | Reached skill level 15 in Air Magic
 15646 | D:12     | Reached skill level 15 in Earth Magic
 15646 | D:12     | Reached skill level 15 in Poison Magic
 16033 | D:12     | Found a staircase to the Orcish Mines.
 16046 | Orc:1    | Entered Level 1 of the Orcish Mines
 16046 | Orc:1    | Noticed an orc warlord
 16049 | Orc:1    | Killed an orc warlord
 16050 | Orc:1    | Reached skill level 1 in Shields
 16175 | Orc:2    | Entered Level 2 of the Orcish Mines
 16192 | Orc:2    | Noticed Donald
 16197 | Orc:2    | Killed Donald
 16275 | Orc:2    | Found a staircase to the Elven Halls.
 16669 | Orc:2    | Found Cusiegg's Weapon Emporium.
 16669 | Orc:2    | Found Yzyutus's Weapon Emporium.
 16671 | Orc:2    | Found Noefecza's Weapon Shop.
 16671 | Orc:2    | Found Abuqao Noofo's Magic Scroll Shop.
 16889 | Orc:1    | Found Nashru's Distillery.
 16896 | Orc:1    | Bought a potion of curing for 51 gold pieces
 16896 | Orc:1    | Bought a potion of heal wounds for 85 gold pieces
 16896 | Orc:1    | Bought a potion of invisibility for 136 gold pieces
 16917 | Orc:1    | Found Cojidos's Antique Weapon Boutique.
 17004 | Orc:1    | Found Ippies's Antique Armour Shop.
 17043 | Orc:1    | Found Pealoss's CLEARANCE SALE!.
 17237 | Orc:2    | Bought a scroll of identify for 26 gold pieces
 17252 | Orc:2    | Bought 4 curare-tipped darts for 48 gold pieces
 17262 | Orc:2    | Bought a scroll of identify for 26 gold pieces
 17262 | Orc:2    | Bought a scroll of identify for 26 gold pieces
 17360 | D:13     | Noticed Sonja
 17362 | D:13     | Killed Sonja
 17363 | D:13     | Reached skill level 5 in Shields
 17383 | D:13     | Found a frozen archway.
 17399 | IceCv    | Entered an ice cave
 17502 | IceCv    | Noticed a quicksilver ooze
 17503 | IceCv    | Killed a quicksilver ooze
 17504 | IceCv    | Reached XP level 16. HP: 110/118 MP: 0/0
 17614 | IceCv    | Noticed an azure jelly
 17616 | IceCv    | Killed an azure jelly
 17704 | IceCv    | Found a viscous altar of Jiyva.
 17725 | IceCv    | Got the ring "Emilyith" {Ice Int+6}
 19611 | D:14     | Reached skill level 5 in Armour
 20085 | D:14     | Found a gate to the Vaults.
 20190 | D:15     | Entered Level 15 of the Dungeon
 20546 | D:15     | Found Jophi's Magic Scroll Boutique.
 20560 | D:15     | Reached XP level 17. HP: 106/125 MP: 0/0
 20560 | D:15     | Learned a level 7 spell: Ozocubu's Refrigeration
 20583 | D:15     | Bought a scroll of identify for 34 gold pieces
 20897 | D:15     | Found a staircase to the Depths.
 21082 | D:15     | Bought a scroll of identify for 34 gold pieces
 21252 | Swamp:1  | Entered Level 1 of the Swamp
 21332 | Swamp:1  | Noticed Nikola
 21336 | Swamp:1  | Killed Nikola
 21361 | Swamp:1  | Reached skill level 10 in Dodging
 21722 | Swamp:1  | Reached skill level 10 in Evocations
 22371 | Swamp:2  | Identified a scroll of acquirement
 22401 | Swamp:2  | Acquired the ring of Junies {rF+ rN+}
 22606 | Swamp:2  | Found a runed translucent door.
 22871 | Swamp:2  | Identified the ring "Baytux" {Ice Str-5 Dex+5}
 23031 | Swamp:3  | Noticed Jorgrun
 23032 | Swamp:3  | Killed Jorgrun
 23099 | Swamp:3  | Reached XP level 18. HP: 103/135 MP: 0/0
 23650 | Swamp:4  | Entered Level 4 of the Swamp
 23650 | Swamp:4  | Noticed Kirke
 23655 | Swamp:4  | Killed Kirke
 23944 | Swamp:4  | Noticed Bai Suzhen
 23957 | Swamp:4  | Killed Bai Suzhen
 24478 | Swamp:4  | Got a decaying rune of Zot
 24913 | Spider:1 | Entered Level 1 of the Spider Nest
 25378 | Spider:1 | Noticed Azrael
 25380 | Spider:1 | Killed Azrael
 25392 | Spider:1 | Reached skill level 15 in Fighting
 26002 | Spider:2 | Reached skill level 10 in Shields
 26004 | Spider:2 | Reached XP level 19. HP: 112/143 MP: 0/0
 26004 | Spider:2 | Learned a level 6 spell: Eringya's Noxious Bog
 26409 | Spider:2 | Identified the +1 scale mail of Vaxuxt {Int+7 Dex-2 SInv
                  | Stlth+}
 27051 | Spider:3 | Noticed Aizul
 27053 | Spider:3 | Killed Aizul
 28044 | Spider:4 | Entered Level 4 of the Spider Nest
 28354 | Spider:4 | Noticed Roxanne
 28360 | Spider:4 | Killed Roxanne
 28998 | Spider:4 | Noticed Louise
 29007 | Spider:4 | Killed Louise
 29027 | Spider:4 | Reached XP level 20. HP: 91/151 MP: 0/0
 29033 | Spider:4 | Noticed Arachne
 29358 | Spider:4 | Reached skill level 15 in Dodging
 29598 | Spider:4 | Killed Arachne
 30230 | Spider:4 | Got a gossamer rune of Zot
 30560 | Vaults:1 | Entered Level 1 of the Vaults
 30945 | Vaults:1 | Found Atolaomp's Armour Boutique.
 30986 | Vaults:1 | Found a magical portal.
 31086 | WizLab   | Entered The Hall of the Hellbinder
 31687 | WizLab   | Noticed Pumiutz
 31696 | WizLab   | Killed Pumiutz the Hellbinder
 31915 | WizLab   | Found a burning altar of Makhleb.
 31928 | WizLab   | Identified the +0 cloak of Kitz {rPois}
 31969 | WizLab   | Identified the ring "Ogecay" {Int+3 SInv}
 32291 | Vaults:1 | Reached XP level 21. HP: 160/160 MP: 0/0
 32291 | Vaults:1 | Learned a level 7 spell: Summon Hydra
 32380 | Vaults:1 | Reached skill level 10 in Armour
 32571 | Vaults:1 | Shot with a bolt by a yaktaur

Illustrated notes

Levels and vault maps discovered:
D:1:      enne_arrival_octagon_isle, layout_basic,
          hellmonk_ecumenical_altar_run_dry, chequers_jeans
D:2:      layout_loops_ring, basic_altar, dreamdust_mushroom_princess
D:3:      layout_loops_ring, portal_sewer_entry_b
D:4:      layout_loops_cross, minitemple, uniq_duvessa
D:5:      layout_loops_corners, uniq_blork_the_orc
D:6:      layout_rooms, nicolae_ossuary_entry_false_entrances,
          minmay_hollow_rounded_squares, uniq_grinder, uniq_crazy_yiuf_cottage,
          uniq_edmund
D:7:      layout_loops_ring, kennysheep_okawaru_gauntlet,
          minmay_temple_entry_purple_smoke, minmay_misc_feat_enclosed,
          uniq_menkaure, uniq_pikel
D:8:      layout_basic, zin_statuary, lemuel_tele_altar, uniq_erica,
          uniq_maurice
D:9:      layout_cave_pools, due_lair_maze_entry_diamond,
          dilly_guarded_unrand_elemental_staff
D:10:     layout_roguey
D:11:     layout_rooms, serial_glass, glass_columns_a, glass_columns_b,
          glass_columns_a, glass_columns_a, glass_columns_c, uniq_josephine,
          uniq_nergalle, uniq_fannar, uniq_harold
D:12:     layout_basic, orc_0_dummy
D:13:     lemuel_reptile_caves, layout_cave_pools,
          portal_ice_cave_entry_pillars_1, minmay_increasing_density, uniq_sonja
D:14:     layout_basic, grunt_vaults_entry_tiered, bh_walls_and_bars
D:15:     gammafunk_enter_depths_forms, layout_cave_pods, serial_shops,
          shop_fountains, minmay_stone_trees_small
Temple:   nicolae_temple_x_marks_the_god
Lair:1:   layout_chaotic_city, gauntlet_entry_generic,
          chequers_serial_rivers_room_b, grunt_megastairs_4
Lair:2:   layout_small_grid, nicolae_spider_entry_non_spiders,
          nicolae_quartered_pool_little, uniq_gastronok
Lair:3:   layout_regular_city, swamp_mist_pool, nzn_ghost_randoct
Lair:4:   layout_regular_city, uniq_nessos
Lair:5:   evilmike_catoblepas_cave, layout_cave_shapes,
          minmay_slime_entry_jelly_boxes, basic_altar,
          chequers_serial_rivers_small_b, grunt_megastairs_3,
          serial_bayou_shore_b
Swamp:1:  layout_basic_swamp, nicolae_swamp_ascending_descending_big,
          uniq_nikola
Swamp:2:  gammafunk_mikee_crab_dinner, layout_basic_swamp,
          nicolae_swamp_treefoil, nicolae_swamp_big_swirl
Swamp:3:  layout_falls_marsh, evilmike_swamp_ruin_house_5, uniq_jorgrun
Swamp:4:  swamp_fiery, layout_basic_swamp, swamp_pool1, uniq_bai_suzhen,
          uniq_kirke
Spider:1: layout_spider_delve, uniq_azrael
Spider:2: layout_spider_delve
Spider:3: layout_spider_delve, uniq_aizul
Spider:4: johnstein_spider_rune_arachne_lair, nicolae_spider_not_touching_you,
          uniq_louise, uniq_roxanne, uniq_arachne
Orc:1:    layout_diamond_mine, serial_shops, shop, shop, shop,
          nicolae_shop_clearance
Orc:2:    st_orc_elflike, layout_caves, uniq_donald
Vaults:1: infiniplex_enter_wizlab_water, dpeg_vaults_pockets_of_resistance,
          ontoclasm_vaults_eye, vaults_room_grid, v_misc_15,
          hangedman_vaults_cutoff, v_pattern_3, dpeg_vaults_monster_row,
          nicolae_vaults_apartment_2, nicolae_vaults_tetromino_T_2,
          grunt_vaults_hallway_short, vaults_mumra_chevron,
          layout_vaults_chaotic_city, serial_shops, shop

Skill      XL: |  1  2  3  4  5  6  7  8  9 10 11 12 13 14 15 16 17 18 19 20 21 |
---------------+----------------------------------------------------------------+-----
Fighting       | 1 2 3 5 6 8 10 12 14 15 16 17 | 17.1
Stealth        | 2 3 4 |  4.0
Spellcasting   | 4 5 6 8 11 12 14 15 16 17 | 17.5
Conjurations   | 4 5 6 8 11 12 14 15 16 17 | 17.5
Hexes          | 4 5 6 8 11 12 14 15 16 17 | 17.5
Summonings     | 4 5 6 8 11 12 14 15 16 17 | 17.5
Necromancy     | 4 5 6 8 11 12 14 15 16 17 | 17.5
Translocations | 4 5 6 8 11 12 14 15 16 17 | 17.5
Transmutations | 4 5 6 8 11 12 14 15 16 17 | 17.5
Fire Magic     | 4 5 6 8 11 12 14 15 16 17 | 17.5
Ice Magic      | 4 5 6 8 11 12 14 15 16 17 | 17.5
Air Magic      | 4 5 6 8 11 12 14 15 16 17 | 17.5
Earth Magic    | 4 5 6 8 11 12 14 15 16 17 | 17.5
Poison Magic   | 4 5 6 8 11 12 14 15 16 17 | 17.5
Short Blades   | 1 2 4 |  4.0
Armour         | 1 2 4 5 6 7 9 10 | 10.0
Dodging        | 4 5 8 9 12 13 14 16 | 16.0
Evocations     | 4 7 8 9 10 | 10.0
Shields        | 5 7 8 10 | 10.0

Action                     |  1- 3 |  4- 6 |  7- 9 | 10-12 | 13-15 | 16-18 | 19-21 || total
---------------------------+-------+-------+-------+-------+-------+-------+-------++-------
  Melee: Dagger            |    16 |    49 |    49 |    95 |    10 |       |       ||   219
         Staff             |       |       |       |     4 |     8 |    10 |       ||    22
   Cast: Magic Dart        |    61 |    34 |    17 |     4 |     1 |       |       ||   117
         Searing Ray       |       |    12 |    15 |    18 |     2 |       |       ||    47
         Dazzling Flash    |       |     1 |       |     3 |       |       |       ||     4
         Poisonous Vapours |       |     3 |    85 |   126 |    33 |     4 |     3 ||   254
         Fulminant Prism   |       |       |    10 |    22 |     6 |       |       ||    38
         Confusing Touch   |       |       |     1 |     3 |       |       |       ||     4
         Iskenderun's Myst |       |       |     6 |    20 |    22 |       |       ||    48
         Fireball          |       |       |       |    68 |   224 |    34 |    47 ||   373
         Plasma Beam       |       |       |       |       |    69 |   342 |   244 ||   655
         Alistair's Intoxi |       |       |       |       |     1 |       |       ||     1
         Ozocubu's Refrige |       |       |       |       |       |    25 |    20 ||    45
         Eringya's Noxious |       |       |       |       |       |       |     3 ||     3
 Invoke: Potion Petition   |       |       |       |       |       |       |     6 ||     6
  Evoke: Wand              |       |       |       |       |     5 |       |       ||     5
         Phial of floods   |       |       |       |       |       |       |     1 ||     1
         Condenser vane    |       |       |       |       |       |       |     1 ||     1
    Use: Scroll            |       |       |       |    13 |     9 |     6 |     8 ||    36
         Potion            |       |       |       |       |       |     1 |     7 ||     8
   Stab: Sleeping          |       |    10 |     3 |     5 |     1 |       |       ||    19
         Invisible         |       |     3 |       |     1 |       |       |       ||     4
         Distracted        |       |       |       |     1 |       |       |       ||     1
         Confused          |       |       |       |     1 |       |       |       ||     1
 Armour: Robe              |     3 |    20 |       |       |       |       |       ||    23
         Troll leather arm |       |     9 |    23 |    29 |    30 |     8 |     1 ||   100
         Scale mail        |       |       |       |       |       |       |    20 ||    20
  Dodge: Dodged            |    13 |    40 |    30 |    71 |    30 |    14 |    14 ||   212
  Block: Buckler           |       |       |       |       |     2 |    26 |    28 ||    56
         Reflection        |       |       |       |       |     2 |     8 |     2 ||    12

Table legend: (Time is in decaauts)
 A = Elapsed time spent in this place.
 B = Non-inter-level travel time spent in this place.
 C = Inter-level travel time spent in this place.
 D = Time resting spent in this place.
 E = Time spent auto-exploring this place.
 F = Levels seen in this place.
 G = Mean time per level.
                   A        B        C        D        E       F      G
               +--------+--------+--------+--------+--------+-----+--------+
         Total |  32536 |  29962 |   2574 |    362 |  23598 |  37 |  879.4 |
       Dungeon |  13778 |  12229 |   1549 |     50 |   9471 |  15 |  918.5 |
        Temple |      8 |      5 |      3 |      0 |      0 |   1 |    8.0 |
          Lair |   5463 |   5017 |    446 |     47 |   4133 |   5 | 1092.6 |
         Swamp |   3347 |   3104 |    243 |      0 |   2542 |   4 |  836.8 |
   Spider Nest |   5263 |   5081 |    182 |     80 |   4291 |   4 | 1315.8 |
  Orcish Mines |   1268 |   1130 |    138 |      0 |    938 |   2 |  634.0 |
        Vaults |    996 |    983 |     13 |    162 |    555 |   1 |  996.0 |
         Sewer |    227 |    227 |      0 |      0 |    133 |   1 |  227.0 |
       Ossuary |    211 |    211 |      0 |      0 |    129 |   1 |  211.0 |
      Ice Cave |    498 |    498 |      0 |      0 |    357 |   1 |  498.0 |
        Wizlab |    975 |    975 |      0 |     22 |    749 |   1 |  975.0 |
      Gauntlet |    497 |    497 |      0 |      0 |    300 |   1 |  497.0 |
               +--------+--------+--------+--------+--------+-----+--------+

Top non-repeatable levels by time:
Spider:4: 2034 daAuts
     D:8: 1639 daAuts
Spider:3: 1554 daAuts
    D:14: 1228 daAuts
  Lair:2: 1223 daAuts
  Lair:5: 1138 daAuts
    D:13: 1127 daAuts
  Lair:3: 1106 daAuts
  Lair:4: 1067 daAuts
 Swamp:2: 1019 daAuts
Vaults:1: 996 daAuts
  WizLab: 975 daAuts
Spider:1: 968 daAuts
     D:6: 964 daAuts
  Lair:1: 926 daAuts
